 Dungeon Crawl Stone Soup version 0.31-a0-744-gbc345e7fcb (webtiles) character file.

Game seed: 6569986969311429558

3141 LeprechaunX the Mimic (level 9, -2/58 (62) HPs)
             Began as an Octopode Shapeshifter on Sept 13, 2023.
             Was an Initiate of Hepliaklqana.
             Slain by a wight
             ... wielding a +1 halberd
              (13 damage)
             ... on level 8 of the Dungeon.
             The game lasted 00:11:47 (8137 turns).

LeprechaunX the Mimic (Octopode Shapeshifter)       Turns: 8137, Time: 00:11:48

HP:   -2/58 (62)    AC:  1    Str: 18    XL:     9   Next: 93%
MP:   0/12          EV: 13    Int: 12    God:    Hepliaklqana [......]
Gold: 420           SH:  8    Dex: 11    Spells: 8/8 levels left

rFire   + .          .
                       - Unarmed
rCold   + + .        N - +1 kite shield {rC+}
rNeg    . . .        (helmet currently unavailable)
rPois   .            g - amulet of guardian spirit
rElec   .            o - ring of flight
rCorr   .            H - ring of protection from fire
SInv    +            J - ring of protection from cold
Will    .....        L - ring of see invisible
Stlth   ++           (no ring)
HPRegen 0.29/turn    (no ring)
MPRegen 0.13/turn    (no ring)
                     (no ring)

%: guardian spirit
@: beast-form, flying, drained
A: beast (slay +4), almost no armour, amphibious, 8 rings, camouflage 1,
gelatinous body 1, (nimble swimmer 1), tentacles
a: Begin Untransformation, Renounce Religion


You were on level 8 of the Dungeon.
You worshipped Hepliaklqana.
Hepliaklqana was noncommittal.
You were a hulking beast.
You visited 2 branches of the dungeon, and saw 9 of its levels.
You also visited: Ossuary.

You collected 420 gold pieces.

Inventory:

Hand Weapons
 a - a +0 sling
Missiles
 r - 2 throwing nets
Armour
 N - a +1 kite shield of cold resistance (worn)
Jewellery
 g - an amulet of guardian spirit (around mantle)
 o - a ring of flight (left tentacle)
 H - a ring of protection from fire (right tentacle)
 J - a ring of protection from cold (on tentacle)
 L - a ring of see invisible (on tentacle)
Talismans
 b - a beast talisman (active)
 c - a flux talisman
 z - a maw talisman
Wands
 s - a wand of quicksilver (7)
 y - a wand of polymorph (6)
 A - a wand of flame (19)
 O - a wand of paralysis (7)
Scrolls
 e - 4 scrolls of teleportation {unknown}
 f - 7 scrolls of immolation
 h - 2 scrolls of enchant weapon {unknown}
 j - 4 scrolls of vulnerability {unknown}
 k - 5 scrolls of identify {unknown}
 l - 2 scrolls of brand weapon {unknown}
 q - 2 scrolls of amnesia {unknown}
 t - 2 scrolls of silence {unknown}
 u - a scroll of poison {unknown}
 C - 2 scrolls of revelation {unknown}
 F - 2 scrolls of enchant armour {unknown}
 G - a scroll of blinking {unknown}
 I - a scroll of fog {unknown}
Potions
 d - 2 potions of mutation {unknown}
 i - 7 potions of curing {unknown}
 m - 4 potions of heal wounds {unknown}
 n - 2 potions of cancellation {unknown}
 p - 3 potions of enlightenment {unknown}
 v - a potion of ambrosia {unknown}
 w - 4 potions of haste {unknown}
 x - 2 potions of attraction {unknown}
 B - a potion of experience {unknown}
 D - 2 potions of brilliance {unknown}
 E - a potion of magic {unknown}
 K - a potion of might {unknown}
 M - 2 potions of lignification


   Skills:
 + Level 5.6 Fighting
 + Level 5.9 Dodging
 + Level 0.5 Shields
 + Level 6.2 Unarmed Combat
 - Level 5.0 Invocations
 * Level 8.0 Shapeshifting


You had 8 spell levels left.
You didn't know any spells.
Your spell library contained the following spells:

 Spells                   Type           Power      Damage    Failure   Level
 Apportation              Tloc           0%         N/A       69%         1
 Necrotise                Necr           0%         1d4       69%         1
 Summon Small Mammal      Summ           0%         N/A       69%         1
 Ensorcelled Hibernation  Hex/Ice        0%         N/A       83%         2
 Passwall                 Tmut/Erth      0%         N/A       83%         2
 Swiftness                Air            0%         N/A       96%         3


Dungeon Overview and Level Annotations

Branches:
Dungeon (8/15)             Temple (1/1) D:5         Ossuary (visited)
   Lair: D:8-11

Altars:
Cheibriados
Dithmenos
Elyvilon
Fedhas
Gozag
Hepliaklqana
Kikubaaqudgha
Makhleb
Nemelex Xobeh
Okawaru
Qazlal
Ru
Sif Muna
Trog
Uskayaw
Vehumet
Wu Jian
Xom
Yredelemnul
Zin


Innate Abilities, Weirdness & Mutations

You are a hulking beast.
Your limbs bulge with bestial killing power. (Slay +4)
You cannot wear most types of armour.
You are amphibious.
You can wear up to eight rings at the same time.
Your skin changes colour to match your surroundings (Stealth+).
Your rubbery body absorbs attacks. (AC +1, EV +1)
((You are camouflaged when in or above water. (Stealth+)))
You have tentacles for arms and can constrict up to eight enemies at once.


Message History

A wight comes into view. It is wielding a +0 hand axe.
Found 19 gold pieces.
You block the wight's attack.
The wight hits you with a +0 long sword!
You feel drained.
You barely miss the wight. Your grab misses the wight.
Your squeeze misses the wight. The wight barely misses you.
The wight hits you with a +0 long sword!
You feel drained.
You tentacle-slap the wight. You grab the wight.
The wight is moderately damaged.
You constrict the wight, but do no damage.
The wight hits you with a +1 halberd! You block the wight's attack.
You tentacle-slap the wight. Your squeeze misses the wight.
The wight is heavily damaged.
You constrict the wight. The wight hits you with a +1 halberd!!
* * * LOW HITPOINT WARNING * * *
The wight barely misses you.
You release your grip on the wight.
You block the wight's attack. The wight attacks as it pursues you!
You block the wight's attack.
A wight comes into view. It is wielding a +3 long sword.
You tentacle-slap the wight. Your grab misses the wight.
Your squeeze misses the wight.
The wight is moderately damaged.
You block the wight's attack.
You barely miss the wight. You grab the wight.
The wight is moderately damaged.
You constrict the wight. The wight barely misses you.
The wight closely misses you.
You tentacle-slap the wight but do no damage.
You squeeze the wight!
You destroy the wight!
The wight hits you from afar with a +1 halberd!
* * * LOW HITPOINT WARNING * * *
You feel drained.
* * * LOW HITPOINT WARNING * * *
The wight attacks as it pursues you! You block the wight's attack.
The wight attacks as it pursues you! The wight barely misses you.
The wight attacks as it pursues you!
The wight hits you from afar with a +1 halberd!
You die...

..$ ... .. ..#
....# .#.#
..####### ##
#z....... .# #.#
.# #)###########.#
#z.z.z.h......#
#....##########..#
#..... #..# #....#
#..# #.####
#.#####..# #.
#>.......# #
########.#
#........#
#.########


You could see 3 wights.

Vanquished Creatures
  Eustachio (D:4)
  2 water moccasins
  A black bear (D:6)
  2 orc warriors
  A sky beast (D:7)
  3 ice beasts
  2 ogres (D:5)
  3 centaurs (D:7)
  A phantom (D:6)
  A bullfrog (D:7)
  5 scorpions
  A wight (D:8)
  6 killer bees (D:5)
  2 centaur zombies (Ossuary)
  2 howler monkeys
  2 human zombies (Ossuary)
  A gnoll bouda (D:7)
  2 hounds
  An orc priest (D:5)
  3 iguanas
  3 sleepcaps
  Natasha (thrice) (D:2)
  3 orc wizards
  5 mummies (Ossuary)
  12 gnolls
  7 adders
  4 worms
  4 dart slugs
  20 orcs
  8 ball pythons
  7 endoplasms
  4 giant cockroaches
  2 gnoll zombies (Ossuary)
  7 hobgoblins
  11 jackals
  4 quokkas
  2 bats
  5 frilled lizards
  4 goblins
  2 hobgoblin zombies (Ossuary)
  7 kobolds
  12 rats
178 creatures vanquished.

Notes
Turn   | Place    | Note
-------+----------+-------------------------------------------
     0 | D:1      | LeprechaunX the Octopode Shapeshifter began the quest for
                  | the Orb.
     0 | D:1      | Reached XP level 1. HP: 13/13 MP: 1/1
   183 | D:1      | Reached XP level 2. HP: 16/18 MP: 2/2
   588 | D:1      | Reached XP level 3. HP: 23/23 MP: 3/3
  1140 | D:2      | Noticed Natasha
  1145 | D:2      | Killed Natasha
  1146 | D:2      | Reached XP level 4. HP: 22/29 MP: 4/4
  1207 | D:2      | Found an ornate altar of the Wu Jian Council.
  1209 | D:2      | Noticed Natasha
  1216 | D:2      | Killed Natasha
  1401 | D:2      | Reached skill level 4 in Shapeshifting
  1555 | D:2      | Reached XP level 5. HP: 30/34 MP: 5/5
  2006 | D:2      | Found a faded altar of an unknown god.
  2147 | D:2      | Noticed Natasha
  2159 | D:2      | Killed Natasha
  2802 | D:3      | Found a shimmering blue altar of Sif Muna.
  2896 | D:4      | Noticed Eustachio
  2927 | D:4      | Killed Eustachio
  2928 | D:4      | Reached skill level 1 in Invocations
  2928 | D:4      | Reached XP level 6. HP: 29/41 MP: 3/7
  3560 | D:5      | Entered Level 5 of the Dungeon
  3605 | D:5      | Reached skill level 5 in Shapeshifting
  3605 | D:5      | Reached XP level 7. HP: 40/46 MP: 6/8
  3975 | D:5      | Found a staircase to the Ecumenical Temple.
  4031 | Temple   | Entered the Ecumenical Temple
  4097 | D:5      | Reached XP level 8. HP: 15/54 MP: 5/10
  4277 | D:5      | Found a burning altar of Makhleb.
  4383 | D:5      | Reached skill level 6 in Shapeshifting
  5013 | D:5      | Reached skill level 5 in Unarmed Combat
  5346 | D:6      | Found a sand-covered staircase.
  5391 | Ossuary  | Entered an ossuary
  5526 | Ossuary  | Reached XP level 9. HP: 59/59 MP: 12/12
  5549 | Ossuary  | Reached skill level 5 in Dodging
  5774 | Ossuary  | Reached skill level 7 in Shapeshifting
  6164 | D:6      | Found a sacrificial altar of Ru.
  6296 | D:6      | Reached skill level 5 in Fighting
  7338 | D:7      | Reached skill level 5 in Invocations
  7679 | D:7      | Found a hazy altar of Hepliaklqana.
  7967 | D:7      | Became a worshipper of Hepliaklqana the Forgotten
  8011 | D:8      | Found a snail-covered altar of Cheibriados.
  8074 | D:8      | Reached skill level 8 in Shapeshifting
  8137 | D:8      | Slain by a wight

Illustrated notes

Levels and vault maps discovered:
D:1:      dpeg_arrival_solitude, layout_basic
D:2:      minmay_chambers_of_twos, layout_loops_ring,
          shapermc_ecumenical_altar_petra, basic_altar, serial_co_window_serial,
          co_window_corner_a, co_window_corner_a, co_window_paths_a,
          co_window_corner_a, co_window_corner_a, co_window_2corner,
          co_window_2corner, co_window_paths_c, co_window_corner_b,
          co_window_paths_d, glass_columns_a, glass_columns_a, glass_columns_c,
          minmay_shallow_snake_nest, uniq_natasha
D:3:      layout_rooms, mainiacjoe_overflow_alcove_2
D:4:      layout_basic, uniq_eustachio
D:5:      layout_basic, lemuel_crystal_altar, minmay_temple_entry_trees
D:6:      layout_basic, hangedman_ru_absence, enter_ossuary_5
D:7:      layout_basic, nicolae_hepliaklqana_hazy_memory
D:8:      layout_basic, lemuel_round_altar, sigmund_army
Temple:   eino_temple_lava

Skill      XL: |  1  2  3  4  5  6  7  8  9 |
---------------+----------------------------+-----
Fighting       | 2 3 4 5 |  5.6
Shapeshifting  | 4 5 6 8 |  8.0
Dodging        | 3 4 5 |  5.9
Unarmed Combat | 4 5 6 |  6.2
Invocations    | 1 2 4 5 |  5.0
Shields        | |  0.5

Action                     |  1- 3 |  4- 6 |  7- 9 || total
---------------------------+-------+-------+-------++-------
  Melee: Unarmed           |    73 |   103 |   247 ||   423
         Constrict         |    22 |    31 |    57 ||   110
         Tentacles         |    15 |    23 |    63 ||   101
         Punch             |     2 |       |    11 ||    13
   Fire: Sling             |       |    13 |    42 ||    55
    Use: Potion            |       |       |     1 ||     1
   Stab: Sleeping          |     8 |     6 |     5 ||    19
 Armour: Skin              |    31 |    62 |   159 ||   252
  Dodge: Dodged            |    27 |    62 |   132 ||   221
  Block: Kite shield       |       |       |     8 ||     8

Table legend: (Time is in decaauts)
 A = Elapsed time spent in this place.
 B = Non-inter-level travel time spent in this place.
 C = Inter-level travel time spent in this place.
 D = Time resting spent in this place.
 E = Time spent auto-exploring this place.
 F = Levels seen in this place.
 G = Mean time per level.
                   A        B        C        D        E       F      G
               +--------+--------+--------+--------+--------+-----+--------+
         Total |   8109 |   7601 |    508 |    735 |   5423 |  10 |  810.9 |
       Dungeon |   7661 |   7153 |    508 |    629 |   5198 |   8 |  957.6 |
        Temple |      1 |      1 |      0 |      0 |      0 |   1 |    1.0 |
       Ossuary |    446 |    446 |      0 |    106 |    225 |   1 |  446.0 |
               +--------+--------+--------+--------+--------+-----+--------+

Top non-repeatable levels by time:
     D:5: 1668 daAuts
     D:2: 1401 daAuts
     D:7: 1256 daAuts
     D:6: 1023 daAuts
     D:1: 758 daAuts
     D:4: 726 daAuts
     D:3: 696 daAuts
 Ossuary: 446 daAuts
     D:8: 130 daAuts
  Temple: 1 daAuts
